NYP
ABERDEEN IRONBIRDS @ SPOKANE INDIANS
07/03/2046
 
TOP OF THE 1ST
Aberdeen Ironbirds batting - Pitching for Spokane Indians : RHP Alexander Neustroev
Pitching: RHP Alexander Neustroev
Batting: RHB Jeremy Sipe 0-0: Ball
1-0: Ball
2-0: Ball
3-0: Called Strike
3-1: Swinging Strike
3-2: Strikes out looking
Batting: LHB Tomas de Zeeuw 0-0: SINGLE (Groundball, 6D, EV 101.2 MPH)
Batting: RHB Dave Perron 0-0: Called Strike
0-1: Fielders Choice at 2nd, 6-4 (Groundball, 6, EV 83.1 MPH)
Batting: RHB Daniel Jackson 0-0: Swinging Strike
0-1: Ground out 4-3 (Groundball, 34, EV 89.4 MPH)
Top of the 1st over - 0 runs, 1 hit, 0 errors, 1 left on base; Aberdeen 0 - Spokane 0
BOTTOM OF THE 1ST
Spokane Indians batting - Pitching for Aberdeen Ironbirds : RHP Jonathan Spicer
Pitching: RHP Jonathan Spicer
Batting: RHB Orlando Melchor 0-0: Foul Ball, location: 2F
0-1: Swinging Strike
0-2: Ball
1-2: Strikes out looking
Batting: RHB Casey Nelligan 0-0: Foul Ball, location: 2F
0-1: Ball
1-1: Ball
2-1: Foul Ball, location: 2F
2-2: Strikes out swinging
Batting: RHB Jose Leon 0-0: Ball
1-0: Foul Ball, location: 2F
1-1: Foul Ball, location: 2F
1-2: Fly out, F8 (Flyball, 89S, EV 72.5 MPH)
Bottom of the 1st over - 0 runs, 0 hits, 0 errors, 0 left on base; Aberdeen 0 - Spokane 0
TOP OF THE 2ND
Aberdeen Ironbirds batting - Pitching for Spokane Indians : RHP Alexander Neustroev
Batting: RHB Matt O'Dea 0-0: Ball
1-0: Swinging Strike
1-1: Called Strike
1-2: Foul Ball, location: 2F
1-2: Foul Ball, location: 2F
1-2: Ground out 5-3 (Groundball, 56S, EV 68.8 MPH)
Batting: RHB Danny Baeza 0-0: Swinging Strike
0-1: Swinging Strike
0-2: Fly out, F7 (Line Drive, 7LM, EV 101.9 MPH)
Batting: RHB Ray Sims 0-0: Ball
1-0: Ball
2-0: Ground out 6-3 (Groundball, 6, EV 87.5 MPH)
Top of the 2nd over - 0 runs, 0 hits, 0 errors, 0 left on base; Aberdeen 0 - Spokane 0
BOTTOM OF THE 2ND
Spokane Indians batting - Pitching for Aberdeen Ironbirds : RHP Jonathan Spicer
Batting: RHB Luke Stark 0-0: Called Strike
0-1: Ball
1-1: Ground out 1-3 (Groundball, 13S, EV 61.9 MPH)
Batting: RHB Liu-liang Lei 0-0: Ball
1-0: Called Strike
1-1: Called Strike
1-2: Fly out, F6 (Popup, 4MD, EV 53.1 MPH)
Batting: LHB Paul Perry 0-0: Ground out U3 (Groundball, 34, EV 91.2 MPH)
Bottom of the 2nd over - 0 runs, 0 hits, 0 errors, 0 left on base; Aberdeen 0 - Spokane 0
TOP OF THE 3RD
Aberdeen Ironbirds batting - Pitching for Spokane Indians : RHP Alexander Neustroev
Batting: RHB Tony Godley 0-0: Ball
1-0: Ground out 6-3 (Groundball, 6, EV 108.1 MPH)
Batting: RHB Matt Berrier 0-0: Ground out 5-3 (Groundball, 5, EV 106.9 MPH)
Batting: RHB Jeremy Sipe 0-0: Called Strike
0-1: Ball
1-1: Ball
2-1: Foul Ball, location: 2F
2-2: Strikes out swinging
Top of the 3rd over - 0 runs, 0 hits, 0 errors, 0 left on base; Aberdeen 0 - Spokane 0
BOTTOM OF THE 3RD
Spokane Indians batting - Pitching for Aberdeen Ironbirds : RHP Jonathan Spicer
Batting: LHB Mike Sammons 0-0: Called Strike
0-1: Foul Ball, location: 2F
0-2: Ball
1-2: Fly out, F8 (Flyball, 78M, EV 88.1 MPH)
Batting: RHB Darnell Jones 0-0: Swinging Strike
0-1: Swinging Strike
0-2: Ball
1-2: Foul Ball, location: 2F
1-2: Strikes out swinging
Batting: LHB Casper Kersten 0-0: Called Strike
0-1: Ball
1-1: Ball
2-1: Ball
3-1: Base on Balls
Batting: RHB Orlando Melchor 0-0: Called Strike
Casper Kersten is caught stealing 2nd base 2-4
Bottom of the 3rd over - 0 runs, 0 hits, 0 errors, 0 left on base; Aberdeen 0 - Spokane 0
TOP OF THE 4TH
Aberdeen Ironbirds batting - Pitching for Spokane Indians : RHP Alexander Neustroev
Batting: LHB Tomas de Zeeuw 0-0: Ball
1-0: Swinging Strike
1-1: Ground out 4-3 (Groundball, 4, EV 89.4 MPH)
Batting: RHB Dave Perron 0-0: DOUBLE (Groundball, 5L, EV 98.1 MPH)
Batting: RHB Daniel Jackson 0-0: Ball
1-0: Ball
2-0: Ball
3-0: Called Strike
3-1: DOUBLE (Flyball, 89D, EV 103.8 MPH)
Dave Perron scores
Batting: RHB Matt O'Dea 0-0: Ball
1-0: Fly out, F4 (Popup, 3S, EV 76.9 MPH)
Batting: RHB Danny Baeza 0-0: Foul Ball, location: 2F
0-1: Ball
1-1: Called Strike
1-2: Strikes out swinging
Top of the 4th over - 1 run, 2 hits, 0 errors, 1 left on base; Aberdeen 1 - Spokane 0
BOTTOM OF THE 4TH
Spokane Indians batting - Pitching for Aberdeen Ironbirds : RHP Jonathan Spicer
Batting: RHB Orlando Melchor 0-0: Ball
1-0: Ball
2-0: Ball
3-0: Base on Balls
Batting: RHB Casey Nelligan 0-0: Ball
1-0: Called Strike
Orlando Melchor steals 2nd base (no throw)
1-1: Foul Ball, location: 2F
1-2: Ball
2-2: Ball
3-2: Strikes out swinging, 2-3 out at first.
Batting: RHB Jose Leon 0-0: Ball
1-0: Ball
2-0: Called Strike
2-1: Swinging Strike
2-2: Ball
3-2: Hit by Pitch
Batting: RHB Luke Stark 0-0: Foul Ball, location: 2F
0-1: Ball
1-1: Foul Ball, location: 2F
1-2: Ball
2-2: SINGLE (Groundball, 6MD, EV 100.0 MPH)
Orlando Melchor to third
Jose Leon to second
Runner from 3rd tries for Home, throw by CF and OUT! 8-2
Batting: RHB Liu-liang Lei 0-0: Called Strike
0-1: Fly out, F8 (Flyball, 8RD, EV 98.1 MPH)
Bottom of the 4th over - 0 runs, 1 hit, 0 errors, 2 left on base; Aberdeen 1 - Spokane 0
TOP OF THE 5TH
Aberdeen Ironbirds batting - Pitching for Spokane Indians : RHP Alexander Neustroev
Batting: RHB Ray Sims 0-0: Swinging Strike
0-1: Ball
1-1: Ball
2-1: Ball
3-1: Called Strike
3-2: Ground out 1-3 (Groundball, 13S, EV 76.9 MPH)
Batting: RHB Tony Godley 0-0: Ball
1-0: Ball
2-0: Ball
3-0: Called Strike
3-1: Foul Ball, location: 2F
3-2: Ground out 5-3 (Groundball, 56, EV 98.8 MPH)
Batting: RHB Matt Berrier 0-0: Called Strike
0-1: Ground out 6-3 (Groundball, 56, EV 105.6 MPH)
Top of the 5th over - 0 runs, 0 hits, 0 errors, 0 left on base; Aberdeen 1 - Spokane 0
BOTTOM OF THE 5TH
Spokane Indians batting - Pitching for Aberdeen Ironbirds : RHP Jonathan Spicer
Batting: LHB Paul Perry 0-0: Ground out 5-3 (Groundball, 5, EV 90.6 MPH)
Batting: LHB Mike Sammons 0-0: Bunt for hit to 25 - play at first, batter safe!
Batting: RHB Darnell Jones 0-0: Called Strike
0-1: Ball
1-1: Called Strike
1-2: Ball
2-2: Strikes out swinging
Batting: LHB Casper Kersten 0-0: Called Strike
0-1: Called Strike
0-2: Ball
1-2: Ground out 4-3 (Groundball, 4, EV 103.1 MPH)
Bottom of the 5th over - 0 runs, 1 hit, 0 errors, 1 left on base; Aberdeen 1 - Spokane 0
TOP OF THE 6TH
Aberdeen Ironbirds batting - Pitching for Spokane Indians : RHP Alexander Neustroev
Batting: RHB Jeremy Sipe 0-0: Ball
1-0: Swinging Strike
1-1: Ball
2-1: Swinging Strike
2-2: Ball
3-2: Strikes out swinging
Batting: LHB Tomas de Zeeuw 0-0: Ball
1-0: Fly out, F7 (Flyball, 7D, EV 101.2 MPH)
Batting: RHB Dave Perron 0-0: Ball
1-0: Called Strike
1-1: Called Strike
1-2: Ball
2-2: Ball
3-2: Ground out 4-3 (Groundball, 34, EV 85.6 MPH)
Top of the 6th over - 0 runs, 0 hits, 0 errors, 0 left on base; Aberdeen 1 - Spokane 0
BOTTOM OF THE 6TH
Spokane Indians batting - Pitching for Aberdeen Ironbirds : RHP Jonathan Spicer
Batting: RHB Orlando Melchor 0-0: Ball
1-0: Called Strike
1-1: Swinging Strike
1-2: Foul Ball, location: 2F
1-2: Ball
2-2: Ball
3-2: Foul Ball, location: 2F
3-2: Fly out, F9 (Flyball, 9S, EV 75.0 MPH)
Batting: RHB Casey Nelligan 0-0: Ball
1-0: Foul Ball, location: 2F
1-1: Swinging Strike
1-2: Ball
2-2: Ball
3-2: Base on Balls
Pitching: RHP Brian Tarver
Batting: RHB Jose Leon 0-0: Called Strike
0-1: Foul Ball, location: 2F
0-2: Ball
1-2: Foul Ball, location: 2F
1-2: Ball
2-2: Strikes out swinging
Batting: RHB Luke Stark 0-0: Ball
1-0: Called Strike
1-1: Called Strike
1-2: Ball
2-2: Foul Ball, location: 2F
2-2: Ground out 4-3 (Groundball, 4, EV 83.8 MPH)
Bottom of the 6th over - 0 runs, 0 hits, 0 errors, 1 left on base; Aberdeen 1 - Spokane 0
TOP OF THE 7TH
Aberdeen Ironbirds batting - Pitching for Spokane Indians : RHP Alexander Neustroev
Batting: RHB Daniel Jackson 0-0: Called Strike
0-1: Foul Ball, location: 2F
0-2: Ball
1-2: Strikes out swinging
Batting: RHB Matt O'Dea 0-0: Ball
1-0: Ball
2-0: Called Strike
2-1: Ball
3-1: Called Strike
3-2: Fly out, F8 (Flyball, 8LS, EV 71.9 MPH)
Batting: RHB Danny Baeza 0-0: Ball
1-0: Foul Ball, location: 2F
1-1: Ball
2-1: DOUBLE (Flyball, 8RXD, EV 100.0 MPH)
Batting: RHB Ray Sims 0-0: SINGLE (Line Drive, 78S, EV 92.5 MPH)
Danny Baeza to third
Runner from 3rd tries for Home, SAFE, throw by LF to home
Batting: RHB Tony Godley 0-0: Called Strike
0-1: Swinging Strike
0-2: Strikes out swinging
Top of the 7th over - 1 run, 2 hits, 0 errors, 1 left on base; Aberdeen 2 - Spokane 0
BOTTOM OF THE 7TH
Spokane Indians batting - Pitching for Aberdeen Ironbirds : RHP Brian Tarver
Now in RF: Ben Sutton
Batting: RHB Liu-liang Lei 0-0: Called Strike
0-1: Ball
1-1: Ball
2-1: Swinging Strike
2-2: Foul Ball, location: 2F
2-2: Ground out 6-3 (Groundball, 6, EV 87.5 MPH)
Batting: LHB Paul Perry 0-0: Called Strike
0-1: Swinging Strike
0-2: Ball
1-2: Ball
2-2: Hit by Pitch
Batting: LHB Mike Sammons 0-0: Ball
1-0: Ball
2-0: Foul Ball, location: 2F
2-1: Called Strike
Paul Perry steals 2nd base
2-2: Ball
3-2: Base on Balls
Batting: RHB Darnell Jones 0-0: Ball
1-0: Called Strike
1-1: Ball
2-1: Fly out, F8 (Flyball, 89M, EV 89.4 MPH)
Batting: LHB Casper Kersten 0-0: Ball
1-0: Foul Ball, location: 2F
1-1: Swinging Strike
1-2: Ball
2-2: SINGLE (Groundball, 6D, EV 100.6 MPH)
Paul Perry to third
Mike Sammons to second
Runner from 3rd tries for Home, SAFE, throw by CF to home
Pitching: RHP Angel Gonzales
Pinch Hitting: LHB Gabriel Graves 0-0: Ball
1-0: Foul Ball, location: 2F
1-1: Ball
2-1: Ball
3-1: Ground out 4-3 (Groundball, 4, EV 88.8 MPH)
Bottom of the 7th over - 1 run, 1 hit, 0 errors, 2 left on base; Aberdeen 2 - Spokane 1
TOP OF THE 8TH
Aberdeen Ironbirds batting - Pitching for Spokane Indians : RHP Alexander Neustroev
Now in LF: Mike Trujillo
Batting: RHB Matt Berrier 0-0: Swinging Strike
0-1: Foul Ball, location: 2F
0-2: Strikes out swinging
Batting: RHB Jeremy Sipe 0-0: Ball
1-0: Called Strike
1-1: SINGLE (Flyball, 9LS, EV 91.2 MPH)
Batting: LHB Tomas de Zeeuw 0-0: Called Strike
0-1: Called Strike
0-2: Ball
Jeremy Sipe is caught stealing 2nd base 2-6
1-2: SINGLE (Groundball, 15S, EV 58.1 MPH) (infield hit)
Batting: RHB Dave Perron 0-0: Swinging Strike
0-1: Ball
1-1: Ball
2-1: Fielders Choice at 2nd, 6-4 (Groundball, 6, EV 81.9 MPH)
Top of the 8th over - 0 runs, 2 hits, 0 errors, 1 left on base; Aberdeen 2 - Spokane 1
BOTTOM OF THE 8TH
Spokane Indians batting - Pitching for Aberdeen Ironbirds : RHP Angel Gonzales
Batting: RHB Casey Nelligan 0-0: Called Strike
0-1: Foul Ball, location: 2F
0-2: Strikes out swinging
Batting: RHB Jose Leon 0-0: Ball
1-0: DOUBLE (Line Drive, 3D, EV 109.4 MPH)
Batting: RHB Luke Stark 0-0: Foul Ball, location: 2F
0-1: Swinging Strike
0-2: Ball
1-2: Ball
2-2: Foul Ball, location: 2F
2-2: Foul Ball, location: 2F
2-2: Strikes out looking
Pinch Hitting: SHB Josh Schultze 0-0: Called Strike
0-1: Ball
1-1: Called Strike
1-2: Ball
2-2: Foul Ball, location: 2F
2-2: Strikes out looking
Bottom of the 8th over - 0 runs, 1 hit, 0 errors, 1 left on base; Aberdeen 2 - Spokane 1
TOP OF THE 9TH
Aberdeen Ironbirds batting - Pitching for Spokane Indians : RHP Alexander Neustroev
Now at 1B: Herb Craig
Batting: RHB Ben Sutton 0-0: Ball
1-0: Ball
2-0: Foul Ball, location: 2F
2-1: Ball
3-1: Foul Ball, location: 2F
3-2: Strikes out swinging
Pitching: RHP Davion Jones
Batting: RHB Matt O'Dea 0-0: Ball
1-0: Ball
2-0: Foul Ball, location: 2F
2-1: Called Strike
2-2: Ball
3-2: Foul Ball, location: 2F
3-2: Strikes out swinging
Batting: RHB Danny Baeza 0-0: Ball
1-0: Foul Ball, location: 2F
1-1: SINGLE (Flyball, 34D, EV 91.2 MPH)
Batting: RHB Ray Sims 0-0: Ball
1-0: Swinging Strike
1-1: Foul Ball, location: 2F
1-2: Strikes out looking
Top of the 9th over - 0 runs, 1 hit, 0 errors, 1 left on base; Aberdeen 2 - Spokane 1
BOTTOM OF THE 9TH
Spokane Indians batting - Pitching for Aberdeen Ironbirds : RHP Angel Gonzales
Pitching: RHP Nick Weirick
Batting: LHB Paul Perry 0-0: Called Strike
0-1: Ball
1-1: Ball
2-1: Ball
3-1: Ground out U3 (Groundball, 3, EV 103.8 MPH)
Batting: LHB Mike Sammons 0-0: Foul Ball, location: 2F
0-1: Ball
1-1: Ball
2-1: Ball
3-1: Foul Ball, location: 2F
3-2: Strikes out looking
Batting: RHB Darnell Jones 0-0: Called Strike
0-1: Ground out 4-3 (Groundball, 34, EV 105.0 MPH)
Bottom of the 9th over - 0 runs, 0 hits, 0 errors, 0 left on base; Aberdeen 2 - Spokane 1
Tuesday, September 13th , 2022 - OOTP Baseball 23.7 Build 88